 Dungeon Crawl Stone Soup version 0.28-a0-664-gc179e30c89 (webtiles) character file.

Game seed: 8702875752606787659

25 kipponium the Cudgeller (level 2, 0/24 HPs)
             Began as a Demonspawn Abyssal Knight on Oct 16, 2021.
             Was a Follower of Lugonu.
             Succumbed to an adder's poison
             ... on level 2 of the Dungeon.
             The game lasted 00:03:15 (1136 turns).

kipponium the Cudgeller (Demonspawn Abyssal Knight) Turns: 1136, Time: 00:03:16

Health: 0/24       AC:  3    Str: 10 (13) XL:     2   Next: 82%
Magic:  3/3        EV: 11    Int:  9 (11) God:    Lugonu [*.....]
Gold:   76         SH:  0    Dex: 10 (13) Spells: 1/1 levels left

rFire   . . .      SeeInvis .   f - +0 morningstar
rCold   . . .      Faith    .   (no shield)
rNeg    . . .      Spirit   .   b - +0 leather armour
rPois   .          Reflect  .   (no helmet)
rElec   .          Harm     .   (no cloak)
rCorr   .          Rampage  .   (no gloves)
Will    .....                   (no boots)
Stlth   +.........              (no amulet)
HPRegen 0.08/turn               (no ring)
MPRegen 0.16/turn               (no ring)

@: lethally poisoned (0 -> -4)
A: magic regeneration
a: Renounce Religion, Depart the Abyss


You were on level 2 of the Dungeon.
You worshipped Lugonu.
Lugonu was aware of your devotion.
You visited 1 branch of the dungeon, and saw 2 of its levels.
You visited the Abyss 1 time.

You collected 76 gold pieces.

Inventory:

Hand Weapons
 a - a +1 mace
 f - a +0 morningstar (weapon)
 g - a +0 dagger of venom
Missiles
 k - 20 poisoned darts
Armour
 b - a +0 leather armour (worn)
Wands
 e - a wand of flame (23)
Scrolls
 c - a scroll of identify {unknown}
 h - a scroll of acquirement {unknown}
Potions
 d - a potion of lignification {unknown}
 i - a potion of degeneration
 j - a potion of haste {unknown}


   Skills:
 - Level 3.0 Fighting
 + Level 3.1 Maces & Flails
 - Level 1.7 Armour
 - Level 0.8 Dodging
 - Level 2.4 Invocations


You had one spell level left.
You didn't know any spells.
Your spell library contained the following spells:

 Spells                   Type           Power      Damage    Failure   Level
 Beastly Appendage        Tmut           0%         N/A       47%         1
 Corpse Rot               Necr/Air       N/A        N/A       63%         2
 Poisonous Vapours        Pois/Air       0%         N/A       63%         2
 Wereblood                Tmut           0%         N/A       63%         2
 Spider Form              Tmut/Pois      0%         N/A       85%         3
 Malign Gateway           Summ/Tloc      0%         N/A       100%        7
 Summon Horrible Things   Summ           0%         N/A       100%        8


Dungeon Overview and Level Annotations

Branches:
Dungeon (2/15)

Altars:
Makhleb


Innate Abilities, Weirdness & Mutations

You regenerate magic rapidly.


Message History

Lugonu accepts your kill.
You start resting.
HP restored.
An adder comes into view.
The adder hisses angrily.
You miss the adder. The adder bites you but does no damage.
The adder barely misses you.
You hit the adder.
The adder is moderately wounded.
The adder bites you.
You are poisoned.
The adder poisons you!
You barely miss the adder.
The adder is moderately wounded.
You feel sick. The adder misses you. The adder bites you.
You miss the adder.
The adder is moderately wounded.
You feel sick. The adder barely misses you. The adder bites you.
You are more poisoned.
The adder poisons you!
You hit the adder.
The adder is severely wounded.
You feel sick. The adder bites you.
You barely miss the adder.
The adder is severely wounded.
* * * LOW HITPOINT WARNING * * *
You feel very sick. The adder closely misses you. The adder bites you.
* * * LOW HITPOINT WARNING * * *
Aiming: Throw Flame
Press: ? - help, Shift-Dir - straight line, f - adder
Aim: an adder (severely wounded, 48% to hit)
The puff of flame misses the adder.
* * * LOW HITPOINT WARNING * * *
You feel sick. The adder bites you.
* * * LOW HITPOINT WARNING * * *
It was a potion of degeneration.
There was something very wrong with that liquid.
You feel weakened.
You feel dopey.
You feel clumsy.
You die...

##.......##
#.........#
#.........#
#.........#
#.........#
#.........#
#$....S..# #...@.#
#.....# .##.....#
##.##.....## ### ...
#......#
...#####.#########.#
. ............#
#.### ..
#..........# #...#
...#.†........#
###.#


You could see an adder.

Vanquished Creatures
  An endoplasm (D:1)
  4 goblins (D:1)
  3 hobgoblins (D:1)
  A kobold (D:2)
  7 ball pythons
  2 bats (D:1)
  3 frilled lizards (D:1)
  3 rats
24 creatures vanquished.

Notes
Turn   | Place    | Note
-------+----------+-------------------------------------------
     0 | Abyss:1  | kipponium the Demonspawn Abyssal Knight began the quest for
                  | the Orb.
     0 | Abyss:1  | Reached XP level 1. HP: 18/18 MP: 2/2
    16 | Abyss:2  | Found a corrupted altar of Lugonu.
    38 | Abyss:3  | Noticed a spatial vortex
    53 | Abyss:3  | Noticed an iron imp
    55 | D:1      | Escaped the Abyss
   351 | D:1      | Reached * piety under Lugonu
   352 | D:1      | Gained mutation: You regenerate magic rapidly. [demonic
                  | ancestry]
   352 | D:1      | Reached XP level 2. HP: 23/24 MP: 3/3
  1055 | D:2      | Found a burning altar of Makhleb.
  1135 | D:2      | HP: 1/24 [adder (3)]
  1136 | D:2      | Succumbed to an adder's poison

Illustrated notes

Levels and vault maps discovered:
D:1:      amcnicky_arrival_wind_blow, layout_rooms, st_stairs_5, feat_on_display
D:2:      layout_rooms, basic_altar

Skill      XL: |  1  2 |
---------------+-------+-----
Maces & Flails | 2 3 |  3.1
Fighting       | |  3.0
Armour         | |  1.7
Dodging        | |  0.8
Invocations    | |  2.4

Action                   || total
-------------------------++-------
Melee: Morningstar       ||    65
Invok: Depart the Abyss  ||     1
Evoke: Wand              ||     1
  Use: Potion            ||     1
Armor: Leather armour    ||    27
Dodge: Dodged            ||    40

Table legend: (Time is in decaauts)
 A = Elapsed time spent in this place.
 B = Non-inter-level travel time spent in this place.
 C = Inter-level travel time spent in this place.
 D = Time resting spent in this place.
 E = Time spent auto-exploring this place.
 F = Levels seen in this place.
 G = Mean time per level.
                   A        B        C        D        E       F      G
               +--------+--------+--------+--------+--------+-----+--------+
         Total |   1158 |   1107 |     51 |    413 |    434 |   5 |  231.6 |
       Dungeon |   1104 |   1053 |     51 |    413 |    427 |   2 |  552.0 |
         Abyss |     54 |     54 |      0 |      0 |      7 |   3 |   18.0 |
               +--------+--------+--------+--------+--------+-----+--------+

Top non-repeatable levels by time:
     D:1: 1005 daAuts
     D:2: 99 daAuts
 Abyss:3: 25 daAuts
 Abyss:1: 16 daAuts
 Abyss:2: 12 daAuts
